 Dungeon Crawl Stone Soup version 0.27-a0-1565-gad902ab807 (webtiles) character file.

Game seed: 4866965660334326811

2 flotson the Sneak (level 1, -1/20 HPs)
             Began as a Hill Orc Delver on July 16, 2021.
             Slain by an adder (2 damage)
             ... on level 4 of the Dungeon.
             The game lasted 00:00:59 (140 turns).

flotson the Sneak (Hill Orc Delver)                  Turns: 140, Time: 00:01:00

Health: -1/20      AC:  3    Str: 14    XL:     1   Next: 40%
Magic:  1/1        EV: 11    Int: 10    God:
Gold:   48         SH:  0    Dex: 12    Spells: 0/0 levels left

rFire    . . .     SeeInvis .   a - +0 hand axe
rCold    . . .     Faith    .   (no shield)
rNeg     . . .     Spirit   .   b - +0 leather armour
rPois    .         Reflect  .   (no helmet)
rElec    .         Harm     .   (no cloak)
rCorr    .         Rampage  .   (no gloves)
Will     .....                  (no boots)
Stlth    +.........             (no amulet)
HPRegen  0.06/turn              (no ring)
MPRegen  0.07/turn              (no ring)

@: hasted, slow
A: no striking features
a: no special abilities


You were on level 4 of the Dungeon.
You visited 1 branch of the dungeon, and saw 2 of its levels.

You collected 48 gold pieces.

Inventory:

Hand Weapons
 a - a +0 hand axe (weapon)
Armour
 b - a +0 leather armour (worn)
Wands
 g - a wand of digging (3)
 h - a wand of acid (10)
Scrolls
 c - a scroll of fog
 d - a scroll of noise {unknown}


   Skills:
 + Level 3.6 Fighting
 + Level 2.7 Axes
 + Level 0.1 Armour
 + Level 1.6 Dodging
 - Level 4.1 Stealth
 + Level 0.1 Evocations


You couldn't memorise any spells.
You didn't know any spells.
Your spell library was empty.

Dungeon Overview and Level Annotations

Branches:
Dungeon (5/15)
 Temple: D:4-7

Altars:


Message History

You hear a shout!
A water moccasin comes into view.
Found a scroll labelled PAFFAU UTIADDU.
The water moccasin hisses angrily.
A ball python comes into view.
An ogre comes into view. It is wielding a +0 giant club.
As you read the scroll of fear, it crumbles to dust.
You assume a fearsome visage.
The goblin looks frightened!
The ball python looks frightened!
The water moccasin looks frightened!
The ogre looks frightened!
An adder skeleton comes into view.
You hear the slow rusting of a drain nearby.
Found 8 gold pieces.
Found a sapphire potion.
A river rat comes into view.
The river rat bites you!
* * * LOW HITPOINT WARNING * * *
A rat comes into view.
The river rat barely misses you.
You see here a sapphire potion.
You feel yourself speed up.
The adder hisses angrily.
The adder skeleton bites you.
* * * LOW HITPOINT WARNING * * *
The river rat barely misses you.
You enter the shallow water.
Moving in this stuff is going to be slow.
The adder barely misses you. The adder bites you.
* * * LOW HITPOINT WARNING * * *
The adder barely misses you. The adder bites you.
* * * LOW HITPOINT WARNING * * *
The adder skeleton closely misses you. The river rat barely misses you.
The rat bites you but does no damage. The adder bites you.
* * * LOW HITPOINT WARNING * * *
The adder skeleton misses you. The river rat barely misses you.
A river rat comes into view.
The adder bites you.
You die...

*,,,,......#######*
******##..........,
#.S...#****** #.###.#
###.# #.#####
#...###.....##
#^#..######.g##
*******#####O...# ##..>
*≈≈≈≈≈≈#≈@≈#..!.# ###.
******≈#S#r#≈...# ##.
*≈≈≈≈*≈#≈#≈#≈..## ####..
*∩**≈≈≈r≈#SrZ≈.# #....#
******##≈#≈#≈..######g####
*≈≈≈≈≈≈≈≈#≈≈≈.......#.#
**≈****###≈#..........# *
*≈≈≈≈≈≈≈#≈≈≈.......### **
********#≈≈..$.....** *,


You could see 2 adders, 2 river rats and a rat.

Vanquished Creatures
  A hobgoblin (D:4)
  A kobold (D:4)
2 creatures vanquished.

Notes
Turn   | Place    | Note
-------+----------+-------------------------------------------
     0 | D:5      | flotson the Hill Orc Delver began the quest for the Orb.
     0 | D:5      | Reached XP level 1. HP: 19/19 MP: 1/1
   115 | D:4      | Noticed a water moccasin
   116 | D:4      | Noticed an ogre
   137 | D:4      | HP: 1/20 [adder (2)]
   140 | D:4      | Slain by an adder

Illustrated notes

Levels and vault maps discovered:
D:4:      layout_rooms, lightli_sewer_entry_pipes, guppyfry_shop_venom,
          uniq_sigmund
D:5:      layout_rooms, mainiacjoe_overflow_tiny_flanked, serial_shops,
          nicolae_stop_n_shop_1, nicolae_lakefront_shop, shop, shop,
          minivault_24, nrook_campfire, minmay_misc_feat_four_crosses,
          uniq_grinder, uniq_pikel

Action                   || total
-------------------------++-------
Melee: Hand axe          ||     6
  Use: Scroll            ||     2
       Potion            ||     1
Armor: Leather armour    ||     1
Dodge: Dodged            ||    13

Table legend: (Time is in decaauts)
 A = Elapsed time spent in this place.
 B = Non-inter-level travel time spent in this place.
 C = Inter-level travel time spent in this place.
 D = Time resting spent in this place.
 E = Time spent auto-exploring this place.
 F = Levels seen in this place.
 G = Mean time per level.
                   A        B        C        D        E       F      G
               +--------+--------+--------+--------+--------+-----+--------+
         Total |    141 |    121 |     20 |      0 |     39 |   2 |   70.5 |
       Dungeon |    141 |    121 |     20 |      0 |     39 |   2 |   70.5 |
               +--------+--------+--------+--------+--------+-----+--------+

Top non-repeatable levels by time:
     D:4: 71 daAuts
     D:5: 70 daAuts
